 Dungeon Crawl Stone Soup version 0.18.1-5-g4a78601 (webtiles) character file.

371 Rattbag the Skirmisher (level 6, -5/67 HPs)
             Began as an Ogre Berserker on May 13, 2016.
             Was a Believer of Trog.
             Slain by a gnoll (8 damage)
             ... on level 5 of the Dungeon.
             The game lasted 00:19:59 (2150 turns).

Rattbag the Skirmisher (Ogre Berserker)             Turns: 2150, Time: 00:19:59

Health: -5/67      AC:  3    Str: 24    XL:     6   Next: 71%
Magic:  6/6        EV: 11    Int:  6    God:    Trog [**....]
Gold:   145        SH:  0    Dex: 10    Spells: 0 memorised, 5 levels left

rFire  . . .     SeeInvis .     a - +1 mace
rCold  . . .     Gourm    .     b - +0 animal skin {Rats}
rNeg   . . .     Faith    .     (no shield)
rPois  .         Spirit   .     (helmet restricted)
rElec  .         Dismiss  .     (no cloak)
rCorr  .         Reflect  .     (gloves unavailable)
SustAt .         Harm     .     (boots unavailable)
MR     .....                    (no amulet)
Stlth  +.........               (no ring)
                                (no ring)

@: exhausted, slowed, very slow, not resistant to hostile enchantments, very
unstealthy
A: unfitting armour, tough skin 1
a: Berserk, Trog's Hand, Burn Spellbooks, Renounce Religion


You were on level 5 of the Dungeon.
You worshipped Trog.
Trog was pleased with you.
You were hungry.

You visited 1 branch of the dungeon, and saw 5 of its levels.

You collected 145 gold pieces.

Inventory:

Hand Weapons
 a - a +1 mace (weapon)
 m - a +0 morningstar
Armour
 b - a +0 animal skin (worn) {Rats}
 e - a +0 buckler
 f - a +0 pair of boots
 j - a +0 helmet
Magical Staves
 o - an uncursed staff of air {unknown}
Wands
 n - a wand of lightning (7/15)
Scrolls
 h - 4 scrolls of remove curse
Potions
 d - 2 potions of cancellation
 i - a potion of lignification
Comestibles
 c - a bread ration
 g - a meat ration


   Skills:
 + Level 5.8 Fighting
 + Level 5.8 Maces & Flails
 + Level 5.0 Dodging
 + Level 0.3 Stealth


You had 5 spell levels left.
You didn't know any spells.

Dungeon Overview and Level Annotations

Branches:
Dungeon (5/15)
 Temple: D:4-7

Altars:
Yredelemnul


Innate Abilities, Weirdness & Mutations

You are too large for most types of armour.
You have tough skin (AC +1).


Message History

You are no longer berserk.
You are exhausted.
You feel yourself slow down.
You are feeling hungry.
The dart slug launches a dart at you. The slug dart misses you.
You hit the gnoll but do no damage. The gnoll hits you.
* * * LOW HITPOINT WARNING * * *
The gnoll barely misses you. The dart slug launches a dart at you.
The slug dart hits you!
* * * LOW HITPOINT WARNING * * *
The gnoll hits you.
* * * LOW HITPOINT WARNING * * *
You hit the gnoll but do no damage. The gnoll barely misses you.
The gnoll hits you.
* * * LOW HITPOINT WARNING * * *
You hit the gnoll but do no damage. The gnoll hits you but does no damage.
You barely miss the gnoll. The gnoll hits you!
You die...

# #............# #
#.........!..#
######## ###
##...........#
#....... ..##
#......w....#
##....... #..##
#..........##
#........ ##..###
##.......###
#.....>.. ###..##
###....### #.......
##..####....g###
#.......
#...#...###.@.######
##...... ###..####
###..#...# #......
#.## ##......##
##..... ##.#
#.......)# #.....
#..#
#........#####....
#.##
#.....>...........
##.#
##.........#......
##..###
#...........#....
##.<...##
##............#..


You could see a gnoll.

Vanquished Creatures
  A centaur (D:5)
  An ogre (D:5)
  A hound (D:4)
  3 worker ants
  3 adders
  A gnoll (D:5)
  A dart slug (D:1)
  4 giant geckos
  3 orcs
  6 bats
  4 giant cockroaches
  3 goblins
  6 hobgoblins
  6 jackals
  4 kobolds
  2 quokkas
  A ball python (D:4)
  A ball python skeleton (D:4)
  A giant cockroach zombie (D:5)
  2 giant newts
  A quokka skeleton (D:4)
  6 rats (D:1)
61 creatures vanquished.

Notes
Turn   | Place    | Note
--------------------------------------------------------------
     0 | D:1      | Rattbag the Ogre Berserker began the quest for the Orb.
     0 | D:1      | Reached XP level 1. HP: 24/24 MP: 1/1
   180 | D:1      | Reached XP level 2. HP: 27/32 MP: 2/2
   479 | D:2      | Reached ** piety under Trog
   479 | D:2      | Reached XP level 3. HP: 26/40 MP: 3/3
   602 | D:3      | HP: 1/40 [hobgoblin/club (4)]
   968 | D:4      | Found a basalt altar of Yredelemnul.
   977 | D:4      | Reached XP level 4. HP: 29/49 MP: 4/4
  1016 | D:4      | Reached skill level 5 in Fighting
  1016 | D:4      | Reached skill level 5 in Maces & Flails
  1016 | D:4      | Reached XP level 5. HP: 7/57 MP: 5/5
  1377 | D:5      | Entered Level 5 of the Dungeon
  2107 | D:5      | Noticed a centaur
  2110 | D:5      | Noticed an ogre
  2128 | D:5      | Killed an ogre
  2128 | D:5      | Reached XP level 6. HP: 25/66 MP: 6/6
  2133 | D:5      | Reached skill level 5 in Dodging
  2147 | D:5      | HP: 3/67 [gnoll (3)]
  2150 | D:5      | Slain by a gnoll

Skill      XL: |  1  2  3  4  5  6 |
---------------+-------------------+-----
Dodging        | 3 4 5 |  5.0
Fighting       | 5 |  5.8
Maces & Flails | 5 |  5.8
Stealth        | |  0.3

Action                   |  1- 3 |  4- 6 || total
-------------------------+-------+-------++-------
Melee: Mace              |   144 |   120 ||   264
Invok: Berserk           |     1 |     1 ||     2
       Trog's Hand       |     1 |       ||     1
Evoke: Wand              |     1 |       ||     1
  Use: Scroll            |     3 |     1 ||     4
       Potion            |     1 |     4 ||     5
  Eat: Beef jerky        |     1 |       ||     1
       Bread ration      |       |     1 ||     1
Armor: Animal skin       |    56 |    32 ||    88
Dodge: Dodged            |    96 |    83 ||   179
